 Dungeon Crawl Stone Soup version 0.27.0-1-g7a08968 (webtiles) character file.

Game seed: 16522039041009419902

51 Danakh the Sneak (level 3, -1/29 HPs)
             Began as a Demonspawn Delver on Nov 27, 2021.
             Slain by a centaur zombie (2 damage)
             ... in an ossuary.
             The game lasted 00:02:06 (188 turns).

Danakh the Sneak (Demonspawn Delver)                 Turns: 188, Time: 00:02:06

Health: -1/29      AC:  3    Str: 13    XL:     3   Next: 58%
Magic:  3/3        EV: 12    Int: 11    God:
Gold:   28         SH:  0    Dex: 14    Spells: 2/2 levels left

rFire    . . .     SeeInvis .   a - +0 hand axe
rCold    . . .     Faith    .   (no shield)
rNeg     . . .     Spirit   .   b - +0 leather armour
rPois    .         Reflect  .   (no helmet)
rElec    .         Harm     .   (no cloak)
rCorr    .         Rampage  .   (no gloves)
Will     .....                  (no boots)
Stlth    ++........             (no amulet)
HPRegen  0.09/turn              (no ring)
MPRegen  0.08/turn              (no ring)

@: no status effects
A: hooves 1
a: no special abilities


You were in an ossuary.
You visited 1 branch of the dungeon, and saw 1 of its levels.
You also visited: Ossuary.

You collected 28 gold pieces.

Inventory:

Hand Weapons
 a - a +0 hand axe (weapon)
Armour
 b - a +0 leather armour (worn)
Wands
 g - a wand of digging (3)
 h - a wand of acid (3)
Scrolls
 c - a scroll of fog
 d - a scroll of magic mapping
 e - 2 scrolls of fear
 i - a scroll of enchant armour {unknown}
Potions
 f - a potion of haste


   Skills:
 + Level 3.4 Fighting
 + Level 2.3 Axes
 + Level 1.3 Armour
 + Level 2.3 Dodging
 - Level 4.5 Stealth


You had 2 spell levels left.
You didn't know any spells.
Your spell library was empty.

Dungeon Overview and Level Annotations

Branches:
Dungeon (5/15)            Ossuary (1/1)
 Temple: D:4-7

Altars:


Innate Abilities, Weirdness & Mutations

You have large cloven feet.


Message History

The centaur zombie kicks you but does no damage.
The hobgoblin zombie hits you but does no damage.
The centaur zombie hits you but does no damage.
The centaur zombie kicks you.
You hit the centaur zombie.
You kick the centaur zombie, but do no damage.
The centaur zombie is moderately damaged.
You hit the hobgoblin zombie.
The centaur zombie barely misses you. x2
The hobgoblin zombie hits you but does no damage.
You hit the hobgoblin zombie. You kick the hobgoblin zombie.
You destroy the hobgoblin zombie!
You hit the centaur zombie.
The centaur zombie hits you but does no damage.
The centaur zombie kicks you. The centaur zombie hits you.
The centaur zombie kicks you.
* * * LOW HITPOINT WARNING * * *
You are too injured to fight recklessly!
You hit the centaur zombie. You kick the centaur zombie.
The centaur zombie is heavily damaged.
You closely miss the quokka zombie. The quokka zombie barely misses you.
The centaur zombie hits you but does no damage.
The centaur zombie kicks you but does no damage.
You hit the centaur zombie. You kick the centaur zombie.
The centaur zombie is severely damaged.
You hit the quokka zombie. The centaur zombie misses you.
The centaur zombie kicks you but does no damage.
The quokka zombie barely misses you. The centaur zombie hits you.
* * * LOW HITPOINT WARNING * * *
The centaur zombie closely misses you.
You completely miss the centaur zombie. Your kick misses the centaur zombie.
The centaur zombie is severely damaged.
You hit the quokka zombie.
You destroy the quokka zombie!
The centaur zombie hits you.
* * * LOW HITPOINT WARNING * * *
The centaur zombie kicks you but does no damage.
You barely miss the centaur zombie. You kick the centaur zombie.
The centaur zombie is severely damaged.
The centaur zombie closely misses you. The centaur zombie kicks you.
You die...

#... #..# #..#
#..## #...####
#......#######
#.............
#.....@Z......
#......#######
#...#### #..##
#..+ #..##
#...####
#......########..
#................


You could see a centaur zombie.

Vanquished Creatures
  A centaur skeleton (D:5)
  A hound zombie (Ossuary)
  A worm zombie (D:5)
  A gnoll zombie (Ossuary)
  A goblin zombie (Ossuary)
  2 hobgoblin zombies (Ossuary)
  A jackal zombie (Ossuary)
  2 kobold zombies (Ossuary)
  3 quokka zombies (Ossuary)
13 creatures vanquished.

Notes
Turn   | Place    | Note
-------+----------+-------------------------------------------
     0 | D:5      | Danakh the Demonspawn Delver began the quest for the Orb.
     0 | D:5      | Reached XP level 1. HP: 18/18 MP: 1/1
    66 | D:5      | Reached skill level 1 in Armour
    66 | D:5      | Gained mutation: You have large cloven feet. [demonic
                  | ancestry]
    66 | D:5      | Reached XP level 2. HP: 24/24 MP: 2/2
    99 | D:5      | Found a sand-covered staircase.
   113 | D:5      | Reached XP level 3. HP: 29/29 MP: 3/3
   116 | Ossuary  | Entered an ossuary
   187 | Ossuary  | HP: 1/29 [centaur zombie (4)]
   188 | Ossuary  | Slain by a centaur zombie

Illustrated notes

Levels and vault maps discovered:
D:5:      layout_cave_pools, minmay_temple_entry_crystal_x, enter_ossuary_3,
          bh_walls_and_bars
Ossuary:  minmay_ossuary_two_tombs

Skill      XL: |  1 |
---------------+----+-----
Axes           | 2 |  2.3
Armour         | 1 |  1.3
Dodging        | 2 |  2.3
Fighting       | |  3.4
Stealth        | |  4.5

Action                   || total
-------------------------++-------
Melee: Hand axe          ||    52
       Kick              ||    20
Evoke: Wand              ||     1
 Stab: Sleeping          ||     2
Armor: Leather armour    ||    23
Dodge: Dodged            ||    34
